 Dungeon Crawl Stone Soup version 0.28.0-43-g3370ac3207 (webtiles) character file.

Game seed: 7004163923538608560

94 funkygono the Firebug (level 4, -6/30 HPs)
             Began as a Demonspawn Fire Elementalist on Mar 15, 2022.
             Killed from afar by Robin (7 damage)
             ... with a puff of flame
             ... on level 2 of the Dungeon.
             The game lasted 00:03:36 (2743 turns).

funkygono the Firebug (DsFE)                        Turns: 2743, Time: 00:03:36

Health: -6/30      AC:  4    Str:  8    XL:     4   Next: 38%
Magic:  2/8        EV: 12    Int: 18    God:
Gold:   124        SH:  0    Dex: 14    Spells: 3/9 levels left

rFire   . . .      SeeInvis +   g - +4 long sword (protect)
rCold   . . .      Faith    .   (no shield)
rNeg    . . .      Spirit   .   a - +0 robe
rPois   .          Reflect  .   (no helmet)
rElec   .          Harm     .   (no cloak)
rCorr   +          Rampage  .   (no gloves)
Will    .....                   (no boots)
Stlth   ++........              (no amulet)
HPRegen 0.10/turn               f - ring of resist corrosion
MPRegen 0.11/turn               k - ring of see invisible

@: no status effects
A: yellow scales 1, powered by pain 1
a: no special abilities


You were on level 2 of the Dungeon.
You visited 1 branch of the dungeon, and saw 3 of its levels.

You collected 124 gold pieces.

Inventory:

Hand Weapons
 g - a +4 long sword of protection (weapon)
Missiles
 c - 163 stones
Armour
 a - a +0 robe (worn)
Jewellery
 f - a ring of resist corrosion (left hand)
 k - a ring of see invisible (right hand)
Scrolls
 d - 2 scrolls of identify {unknown}
 e - a scroll of teleportation {unknown}
 j - a scroll of acquirement {unknown}
 l - a scroll of enchant weapon {unknown}
 n - a scroll of summoning {unknown}
 o - a scroll of magic mapping {unknown}
 p - a scroll of enchant armour {unknown}
Potions
 b - a potion of might {unknown}
 h - 2 potions of heal wounds {unknown}
 i - a potion of curing {unknown}
 m - a potion of attraction {unknown}
 q - a potion of lignification {unknown}


   Skills:
 + Level 1.8 Dodging
 - Level 1.7 Stealth
 * Level 3.0 Spellcasting
 * Level 2.0 Conjurations
 * Level 3.7 Fire Magic


You had 3 spell levels left.
You knew the following spells:

 Your Spells              Type           Power      Damage    Failure   Level
a - Foxfire               Conj/Fire      52%        2x1d6     4%          1
b - Scorch                Fire           32%        2d6       5%          2
c - Conjure Flame         Conj/Fire      13%        6-21      16%         3

Your spell library contained the following spells:

 Spells                   Type           Power      Damage    Failure   Level
 Inner Flame              Hex/Fire       9%         N/A       22%         3
 Flame Wave               Conj/Fire      13%        2d6       45%         4
 Fireball                 Conj/Fire      6%         3d5       80%         5
 Iskenderun's Battlesphe  Conj           9%         2d6       89%         5
 Conjure Ball Lightning   Conj/Air       3%         3x3d6     100%        6
 Orb of Destruction       Conj           4%         9d5       100%        7


Dungeon Overview and Level Annotations

Branches:
Dungeon (3/15)

Altars:

Annotations:
D:2 Robin


Innate Abilities, Weirdness & Mutations

You are partially covered in yellow scales. (AC +2)
You sometimes gain a little power by taking damage.


Message History

Confirm with . or Enter, or press ? or * to list all spells.
There is not enough space to conjure foxfire!
Casting: Foxfire (safe; 4% risk of failure)
Confirm with . or Enter, or press ? or * to list all spells.
Flames lash Robin.
Robin is severely wounded.
Robin's fire resistance burns away.
The goblin hits you but does no damage.
Robin says, "Bow before me, strongest of all the hobgoblins!"
The goblin barely misses you.
You barely miss the goblin. The goblin barely misses you.
The goblin hits you with a +0 club.
You closely miss the goblin.
The goblin no longer looks unusually strong. x2
The goblin hits you with a +0 dagger.
Robin roars a battlecry!
The goblins go into a battle-frenzy!
The goblin hits you with a +0 club. The goblin misses you.
You closely miss the goblin.
Robin is no longer more vulnerable to fire.
The goblin hits you but does no damage. x2
Robin says, "My goblins will feast on your bones."
The goblin closely misses you.
Okay, then.
You closely miss the goblin. The goblin barely misses you.
The goblin closely misses you. x2
You slash the goblin!
Your weapon exudes an aura of protection.
You kill the goblin!
Robin throws the goblin at you! The goblin barely misses you.
You slash the goblin!
You kill the goblin!
Robin misses you. Robin hits you with a +0 short sword.
Items here: )) ††.
Robin zaps a wand.
The puff of flame hits you but does no damage.
Robin zaps a wand.
The puff of flame hits you!
* * * LOW HITPOINT WARNING * * *
Robin zaps a wand.
The puff of flame hits you!
You die...

#.......#.#.#.# #.#
#..####.#.#.#.######### #.## #..#
#.#.#.#.........# #... #..#
#.#.#.#########.########..# #..#
#.#.#.# ###.#.........# #..#
#.#.#.#######<#...........# #..#
#.#.#...................... #..#
#...#.#######.###.....#.#.# #..#
#####>g...@...# ##.##.#.#.# #..#
#########.####.##.#.#.# #..#
#.........#.#.#
#..################.####.####.#.#
#.............................#.#
##.################..###.####.#.#
#.# ##.###.######.# #.#
#..##........# #.# ##.##.########


You could see Robin.

Vanquished Creatures
  2 adders (D:2)
  4 dart slugs
  9 ball pythons
  5 endoplasms
  4 giant cockroaches
  4 hobgoblins
  3 jackals (D:1)
  5 kobolds
  5 quokkas
  5 bats
  6 frilled lizards
  9 goblins
  2 rats (D:2)
63 creatures vanquished.

Vanquished Creatures (others)
  135 foxfires
135 creatures vanquished.

Grand Total: 198 creatures vanquished

Notes
Turn   | Place    | Note
-------+----------+-------------------------------------------
     0 | D:1      | funkygono the Demonspawn Fire Elementalist began the quest
                  | for the Orb.
     0 | D:1      | Reached XP level 1. HP: 13/13 MP: 3/3
   189 | D:1      | Gained mutation: You are partially covered in yellow
                  | scales. (AC +2) [demonic ancestry]
   189 | D:1      | Reached XP level 2. HP: 16/19 MP: 0/5
   192 | D:1      | Learned a level 2 spell: Scorch
   684 | D:1      | Reached XP level 3. HP: 24/24 MP: 2/6
   688 | D:1      | Learned a level 3 spell: Conjure Flame
  1851 | D:2      | Gained mutation: You sometimes gain a little power by
                  | taking damage. [demonic ancestry]
  1851 | D:2      | Reached XP level 4. HP: 30/30 MP: 2/8
  2707 | D:3      | Noticed Robin
  2741 | D:2      | HP: 1/30 [Robin/puff of flame (11)]
  2743 | D:2      | Killed from afar by Robin

Illustrated notes

Levels and vault maps discovered:
D:1:      dpeg_arrival_arbitrary_b, layout_basic, minmay_tree_intersection,
          kennysheep_boxes
D:2:      layout_basic
D:3:      layout_loops_ring, nicolae_gozag_seed_capital,
          shapermc_ecumenical_altar_mp_vishouse, uniq_robin

Skill      XL: |  1  2  3  4 |
---------------+-------------+-----
Fire Magic     | 3 |  3.7
Spellcasting   | 3 |  3.0
Conjurations   | 2 |  2.0
Dodging        | |  1.8
Stealth        | |  1.7

Action                   |  1- 3 |  4- 6 || total
-------------------------+-------+-------++-------
Melee: Long sword        |       |     6 ||     6
 Cast: Foxfire           |    60 |    19 ||    79
       Scorch            |     8 |     4 ||    12
Armor: Robe              |     1 |     7 ||     8
Dodge: Dodged            |    10 |    16 ||    26
